 Dungeon Crawl Stone Soup version 0.29.1-15-g9cfb28693d (webtiles) character file.

Game seed: 5612451086573485250

113 fozzywoppz the Chopper (level 4, -3/35 HPs)
             Began as a Demonspawn Fighter on Mar 12, 2023.
             Killed from afar by an orc wizard (7 damage)
             ... with a puff of flame
             ... on level 2 of the Dungeon.
             The game lasted 00:03:32 (1963 turns).

fozzywoppz the Chopper (Demonspawn Fighter)         Turns: 1963, Time: 00:03:32

Health: -3/35      AC:  8    Str: 18    XL:     4   Next: 65%
Magic:  4/4        EV:  9    Int:  9    God:
Gold:   104        SH:  4    Dex: 13    Spells: 3/3 levels left

rFire   . . .      SeeInvis .   a - +0 war axe
rCold   . . .      Faith    .   c - +0 buckler
rNeg    . . .      Spirit   .   b - +0 scale mail
rPois   .          Reflect  .   (no helmet)
rElec   .          Harm     .   (no cloak)
rCorr   .          Rampage  .   (no gloves)
Will    .....                   (no boots)
Stlth   ..........              (no amulet)
HPRegen 0.11/turn               (no ring)
MPRegen 0.09/turn               (no ring)

@: mighty
A: hooves 1, icy blue scales 1
a: no special abilities


You were on level 2 of the Dungeon.
You visited 1 branch of the dungeon, and saw 3 of its levels.

You collected 104 gold pieces.

Inventory:

Hand Weapons
 a - a +0 war axe (weapon)
 j - a +2 short sword of speed
Missiles
 e - 4 curare-tipped darts (quivered)
Armour
 b - a +0 scale mail (worn)
 c - a +0 buckler (worn)
Scrolls
 g - a scroll of brand weapon {unknown}
 h - a scroll of enchant armour {unknown}
 i - a scroll of fear {unknown}
 k - a scroll of torment {unknown}
 l - a scroll of identify {unknown}
 m - a scroll of teleportation {unknown}
 n - a scroll of fog {unknown}
 o - a scroll of noise {unknown}
Potions
 d - a potion of might


   Skills:
 + Level 3.5 Fighting
 + Level 3.6 Axes
 - Level 3.0 Armour
 + Level 0.7 Dodging
 + Level 2.8 Shields


You had 3 spell levels left.
You didn't know any spells.
Your spell library contained the following spells:

 Spells                   Type           Power      Damage    Failure   Level
 Gell's Gravitas          Tloc           0%         N/A       99%         3
 Lesser Beckoning         Tloc           0%         N/A       99%         3
 Teleport Other           Tloc           0%         N/A       99%         3


Dungeon Overview and Level Annotations

Branches:
Dungeon (3/15)

Altars:


Innate Abilities, Weirdness & Mutations

You have large cloven feet.
You are partially covered in icy blue scales. (AC +2)


Message History

You miss something.
You feel less confused.
Something hits you but does no damage. x2
You miss something. Something hits you but does no damage.
You closely miss something. Something hits you but does no damage.
You closely miss something. You kick something. Something hits you. x2
You hit something.
You hear some strange, mumbled words.
A puff of flame appears from out of thin air!
The puff of flame hits you!
* * * LOW HITPOINT WARNING * * *
You barely miss something.
You hear some strange, mumbled words.
You are confused.
You hear some strange, mumbled words.
A puff of flame appears from out of thin air!
The puff of flame hits you.
* * * LOW HITPOINT WARNING * * *
It was a potion of curing.
You feel better.
You hear some strange, mumbled words.
A puff of flame appears from out of thin air!
The puff of flame hits you.
* * * LOW HITPOINT WARNING * * *
You miss something. Your kick misses something.
Something hits you but does no damage.
You barely miss something. Something hits you.
* * * LOW HITPOINT WARNING * * *
You closely miss something. Your kick misses something.
You hear some strange, mumbled words.
A magic dart appears from out of thin air!
The magic dart hits you.
* * * LOW HITPOINT WARNING * * *
You feel very mighty all of a sudden. Something hits you but does no damage.
You miss something. Something hits you.
* * * LOW HITPOINT WARNING * * *
You hear some strange, mumbled words.
A puff of flame appears from out of thin air!
The puff of flame hits you!
You die...

..#............# ##_..∩..∩.)∩.
..#.#.###..##########..#.########
..#.#......#### #........#
###.##........###........#
#.##..#.......#........#
#.##..#.###...#........#
#....<#.......#........#
###############))#+#######
#.(............)@{.#
#.################## #.# #.#
###### #.# #..... #.# #.#### #.#
#.#
#.##########################.#
#.........................##.#


There were no monsters in sight!

Vanquished Creatures
  An orc wizard (D:2)
  2 adders (D:2)
  A worm (D:2)
  5 dart slugs
  4 orcs (D:2)
  3 ball pythons
  5 bats
  2 endoplasms (D:2)
  4 giant cockroaches
  4 goblins
  5 hobgoblins
  3 quokkas (D:1)
  2 frilled lizards (D:1)
  6 kobolds
  6 rats
53 creatures vanquished.

Notes
Turn   | Place    | Note
-------+----------+-------------------------------------------
     0 | D:1      | fozzywoppz the Demonspawn Fighter began the quest for the
                  | Orb.
     0 | D:1      | Reached XP level 1. HP: 18/18 MP: 1/1
   180 | D:1      | Gained mutation: You have large cloven feet. [demonic
                  | ancestry]
   180 | D:1      | Reached XP level 2. HP: 17/24 MP: 2/2
   966 | D:1      | Gained mutation: You are partially covered in icy blue
                  | scales. (AC +2) [demonic ancestry]
   966 | D:1      | Reached XP level 3. HP: 29/29 MP: 3/3
  1134 | D:2      | Found a faded altar of an unknown god.
  1735 | D:2      | Reached XP level 4. HP: 35/35 MP: 4/4
  1963 | D:2      | Killed from afar by an orc wizard

Illustrated notes

Levels and vault maps discovered:
D:1:      onia_arrival_pentagram, layout_basic, minmay_tetromino_s4
D:2:      layout_basic, hellmonk_ecumenical_altar_arch_garden
D:3:      minmay_recursive_quarters, layout_basic, minmay_misc_feat_nine_boxes,
          uniq_jessica, uniq_grinder

Skill      XL: |  1  2  3 |
---------------+----------+-----
Axes           | 2 3 |  3.6
Armour         | 3 |  3.0
Fighting       | |  3.5
Dodging        | |  0.7
Shields        | |  2.8

Action                   |  1- 3 |  4- 6 || total
-------------------------+-------+-------++-------
Melee: War axe           |    91 |    34 ||   125
       Kick              |    10 |     7 ||    17
  Use: Potion            |       |     2 ||     2
Armor: Scale mail        |    49 |    23 ||    72
Dodge: Dodged            |    57 |    15 ||    72
Block: Buckler           |    19 |     3 ||    22
